Map: Blackburn LE

Players

AGOElazer (Elazer)

  • Race: Zerg Zerg
  • League: Grandmaster

HeroMarine - Winner!

  • Race: Terran Terran
  • League: Master

Event: DreamHack SC2 Masters 2021 Summer

VOD

Have the link to the VOD?

Description

Time

  • Played on: June 5, 2021, 9:08 a.m.
  • Length: 7:23

All games in this series

Show
View Real Time Build Order
Export as new Build Order

AGOElazer Zerg 

Build Orders: Hatch First 

Get SALT Encoding   

  12  0:00  Drone  
  13  0:12  Overlord  
  13  0:16  Drone  
  14  0:30  Drone x2  
  16  0:48  Hatchery  
  15  0:51  Drone  
  15  0:55  Drone  
  17  0:58  Drone  
  18  1:08  Extractor  
  17  1:13  Spawning Pool  
  17  1:16  Drone  
  17  1:20  Drone  
  18  1:27  Drone  
  19  1:38  Drone  
  20  1:50  Drone  
  21  2:00  Queen  
  21  2:01  Queen, Zergling x4  
  27  2:11  Drone, Overlord  
  28  2:21  Hatchery  
  27  2:25  Drone  
  28  2:32  Extractor, Drone x2  
  28  2:34  Drone  
  30  2:43  Metabolic Boost  
  31  2:47  Queen  
  33  2:52  Overlord  
  33  2:56  Drone  
  34  2:59  Drone x2  
  36  3:11  Drone  
  37  3:13  Drone x4  
  37  3:16  Queen  
  43  3:29  Drone  
  43  3:30  Overlord  
  43  3:33  Queen  
  46  3:35  Lair  
  46  3:40  Drone x2  
  48  3:42  Drone  
  48  3:43  Drone  
  48  3:47  Overlord  
  50  3:49  Zergling x4  
  50  3:53  Drone x2  
  54  4:00  Queen  
  56  4:05  Drone, Overlord  
  56  4:08  Zergling x2  
  56  4:09  Overlord  
  58  4:13  Queen  
  60  4:17  Overlord  
  60  4:19  Zergling x2  
  60  4:20  Zergling x4  
  63  4:27  Overlord  
  63  4:31  Zergling x6  
  66  4:33  Nydus Network  
  66  4:34  Queen  
  66  4:38  Overlord  
  67  4:41  Overlord  
  67  4:46  Queen  
  67  4:49  Overlord  
  68  4:53  Zergling x8  
  68  4:57  Overlord  
  72  5:03  Zergling x10  
  75  5:10  Zergling x2  
  75  5:11  Queen  
  78  5:14  Overlord  
  78  5:20  Nydus Canal  
  78  5:23  Overlord  
  78  5:24  Zergling x10  
  83  5:32  Queen, Zergling x2  
  83  5:33  Zergling x2  
  84  5:40  Nydus Canal  
  81  5:52  Zergling x16  
  85  5:57  Zergling x2  
  85  6:01  Nydus Canal  
  85  6:03  Zergling x4  
  82  6:08  Zergling x6  
  80  6:14  Zergling x6  
  80  6:18  Drone x3  
  80  6:24  Drone x2  
  85  6:27  Drone  
  85  6:32  Extractor  
  85  6:35  Hatchery, Drone x2  
  86  6:40  Drone  
  86  6:44  Drone x2  
  89  6:50  Drone x4  
  89  6:52  Drone  
  94  6:54  Drone  
  94  6:58  Evolution Chamber  
  94  6:59  Evolution Chamber  
  93  7:04  Drone x3  
  96  7:14  Extractor, Baneling Nest  
Show
View Real Time Build Order
Export as new Build Order

HeroMarine Terran - Winner!

Build Orders: Hellion Opening, Reaper Expand 

Get SALT Encoding   

  12  0:00  SCV  
  13  0:12  SCV  
  14  0:17  Supply Depot  
  14  0:24  SCV  
  15  0:38  SCV  
  15  0:40  Barracks  
  16  0:43  Refinery  
  16  0:50  SCV  
  17  1:02  SCV  
  18  1:15  SCV  
  19  1:27  Orbital Command, Reaper  
  20  1:40  Command Center  
  20  1:49  Supply Depot  
  20  1:52  SCV  
  21  1:59  Marine  
  22  2:04  SCV  
  23  2:08  Factory  
  23  2:17  SCV  
  23  2:19  Barracks Reactor  
  24  2:29  SCV  
  25  2:41  SCV  
  26  2:45  Command Center  
  26  2:52  Orbital Command  
  26  2:53  SCV  
  27  3:00  Starport  
  27  3:05  SCV  
  28  3:09  Refinery  
  28  3:11  Hellion  
  30  3:15  Hellion  
  30  3:17  SCV  
  33  3:20  SCV  
  33  3:24  Marine  
  35  3:29  SCV  
  35  3:32  SCV  
  35  3:33  Hellion  
  39  3:37  Hellion  
  39  3:39  Viking  
  43  3:42  Barracks Tech Lab  
  43  3:43  SCV  
  43  3:45  SCV  
  45  3:56  Hellion  
  45  3:58  SCV x2, Hellion  
  45  4:01  Orbital Command  
  51  4:09  Liberator  
  54  4:12  Supply Depot  
  54  4:15  SCV x2  
  56  4:20  Stimpack  
  56  4:26  Supply Depot  
  56  4:27  SCV x2  
  58  4:35  Factory Reactor  
  58  4:38  SCV  
  58  4:39  SCV x2, Barracks  
  58  4:40  Barracks, Marine  
  62  4:46  Refinery  
  62  4:47  Refinery  
  62  4:51  SCV x2  
  64  4:54  Starport Reactor  
  64  4:58  Marine  
  64  4:59  Engineering Bay x2  
  65  5:03  SCV  
  65  5:04  SCV  
  65  5:05  Orbital Command  
  67  5:12  Supply Depot  
  67  5:15  SCV  
  67  5:16  SCV, Marine  
  67  5:20  Factory Reactor  
  70  5:21  Supply Depot  
  70  5:27  SCV  
  70  5:28  SCV  
  72  5:31  Marine x2  
  72  5:34  Marine  
  75  5:36  Marine  
  75  5:37  Marine  
  75  5:42  SCV  
  75  5:43  SCV x2  
  75  5:49  Marine x2  
  77  5:52  Marine  
  77  5:54  SCV, Marine x2  
  66  6:05  Widow Mine x2, Medivac  
  66  6:07  Marine x2  
  66  6:09  Marine  
  72  6:12  Marine x2  
  74  6:21  SCV, Medivac  
  74  6:22  SCV  
  74  6:25  Marine x2  
  78  6:27  Marine  
  78  6:30  Marine x2  
  79  6:35  Medivac  
  79  6:36  Orbital Command  
  81  6:42  Marine  
  81  6:43  Marine  
  81  6:45  Armory, Marine, Barracks  
  81  6:46  Barracks  
  84  6:48  Marine x2  
  84  6:51  Medivac  
  88  6:55  SCV x2, Orbital Command  
  88  6:59  Supply Depot  
  88  7:00  Marine x2  
  92  7:07  SCV x2, Supply Depot  
Tags
 
Add a new tag
Caveats
  • Supply blocks, unpowered buildings, or Contaminate may cause inaccurate times.
  • Supply counts are checked every 10 seconds.